 Dungeon Crawl Stone Soup version 0.29-a0-872-g797fff5ad1 (webtiles) character file.

Game seed: 11894944825244699521

70 porpoise the Magician (level 4, -3/34 HPs)
             Began as a Djinni Hedge Wizard on July 18, 2022.
             Slain by Robin
             ... wielding a +0 mace
              (4 damage)
             ... on level 2 of the Dungeon.
             The game lasted 00:09:54 (3032 turns).

porpoise the Magician (Djinni Hedge Wizard)         Turns: 3032, Time: 00:09:55

Health: -3/34      AC:  3    Str: 11    XL:     4   Next: 45%
Gold:   90         EV: 11    Int: 16    God:
                   SH:  0    Dex: 12

rFire   + + .      SeeInvis .   a - +0 dagger
rCold   x . .      Faith    .   (no shield)
rNeg    . . .      Spirit   .   d - +0 leather armour
rPois   ∞          Reflect  .   c - +0 hat
rElec   .          Harm     .   (no cloak)
rCorr   .          Rampage  .   (no gloves)
Will    .....                   (boots unavailable)
Stlth   +.........              (no amulet)
HPRegen 0.11/turn               (no ring)
MPRegen 0.00/turn               (no ring)

@: attractive, flying
A: sickness immunity, fire resistance 2, cold vulnerability 1, float, innate
caster, HP casting, extra vitality 1
a: no special abilities


You were on level 2 of the Dungeon.
You visited 1 branch of the dungeon, and saw 3 of its levels.

You collected 90 gold pieces.

Inventory:

Hand Weapons
 a - a +0 dagger (weapon)
 b - a +0 sling
Missiles
 e - 4 javelins
 g - 6 boomerangs
 n - 9 poisoned darts
Armour
 c - a +0 hat (worn)
 d - a +0 leather armour (worn)
Jewellery
 i - an amulet of faith
Scrolls
 f - a scroll of poison {unknown}
 j - 2 scrolls of enchant armour {unknown}
 m - a scroll of immolation {unknown}
 o - a scroll of teleportation {unknown}
Potions
 h - a potion of mutation {unknown}
 l - a potion of degeneration {unknown}
 p - a potion of flight {unknown}


   Skills:
 * Level 2.8 Fighting
 + Level 0.3 Short Blades
 - Level 2.1 Dodging
 - Level 1.5 Stealth
 * Level 3.0 Spellcasting


You couldn't memorise any spells.
You knew the following spells:

 Your Spells              Type           Power      Damage    Failure   Level
a - Magic Dart            Conj           48%        1d5       7%          1
b - Blink                 Tloc           24%        N/A       11%         2
c - Call Imp              Summ           12%        N/A       11%         2
d - Slow                  Hex            48%        N/A       7%          1
e - Conjure Flame         Conj/Fire      12%        6-21      22%         3
f - Mephitic Cloud        Conj/Pois/Air  12%        N/A       22%         3
g - Sandblast             Erth           24%        2d8       7%          1
Your spell library was empty.

Dungeon Overview and Level Annotations

Branches:
Dungeon (3/15)

Altars:

Annotations:
D:2 Robin


Innate Abilities, Weirdness & Mutations

You are immune to sickness and miasma.
You are immune to poison.
Your flesh is very heat resistant. (rF++)
You are vulnerable to cold. (rC-)
You float through the air rather than walking.
You learn spells naturally, not from books.
Your magical power is your life essence.
You have superior vitality. (+4 MHP)


Message History

The hobgoblin misses you.
Sorry, you're not good enough to have a special ability.
There are no items here.
Casting: Mephitic Cloud (quite dangerous; 22% risk of failure)
Confirm with . or Enter, or press ? or * to list all spells.
Aiming: Sandblast (safe; 7% risk of failure)
Press: ? - help, Shift-Dir - straight line, f - Robin
Aim: Robin, wielding a +0 mace, wearing a +0 animal skin and wearing a +0 helmet (85% to hit)
The blast of sand hits the hobgoblin.
You kill the hobgoblin!
Robin roars a battlecry!
The hobgoblin goes into a battle-frenzy!
Casting: Sandblast (safe; 7% risk of failure)
Confirm with . or Enter, or press ? or * to list all spells.
Aiming: Sandblast (safe; 7% risk of failure)
Press: ? - help, Shift-Dir - straight line, f/p - Robin
Aim: Robin, wielding a +0 mace, wearing a +0 animal skin and wearing a +0 helmet (85% to hit)
The blast of sand hits Robin but does no damage.
Robin hits you but does no damage. Robin closely misses you.
Unknown command.
Robin hits you with a +0 mace!
You fly upwards.
There is a stone staircase leading down here.
You hit Robin but do no damage. Robin hits you with a +0 mace.
* * * LOW HITPOINT WARNING * * *
Casting: Sandblast (safe; 7% risk of failure)
Confirm with . or Enter, or press ? or * to list all spells.
Aiming: Sandblast (safe; 7% risk of failure)
Press: ? - help, Shift-Dir - straight line, f - Robin
Aim: Robin, wielding a +0 mace, wearing a +0 animal skin and wearing a +0 helmet (85% to hit)
The blast of sand hits Robin.
Robin is lightly wounded.
* * * LOW HITPOINT WARNING * * *
Robin closely misses you. Robin hits you with a +0 mace!
* * * LOW HITPOINT WARNING * * *
Unknown command.
It was a potion of attraction.
You feel attractive to monsters. Robin hits you with a +0 mace.
You die...

#.......##.##.#.##.# #.#....## #♣
#..........##......# #.##....# ♣♣
#.....#....####.#### #.####..# ♣.
....#.#.#...###.# #.......##♣♣
#.#.#.#.#.#.....########......# ♣
#.##########.#####......)###..##♣
#.[#.#.#.#.#.......####..#..)....
##...#†#†#....####.##.........###
###...#...#.##.@.....#...###.# #
###....##.##g##.####.......###
###...........###♣P.♣######.
#########.#...♣.P.♣♣####..
#.###♣♣P..P♣♣.#... #.#
♣.P.♣PP♣..... #.# ♣PP.P..♣.#...
#.# ♣♣P♣P.♣♣.##.. ##.## ♣♣
.♣♣..###.


You could see Robin.

Vanquished Creatures
  An adder (D:2)
  A worm (D:2)
  3 dart slugs
  3 bats
  3 endoplasms
  3 giant cockroaches (D:2)
  7 goblins
  5 hobgoblins
  5 kobolds
  A quokka (D:1)
  6 ball pythons
  4 frilled lizards
  4 rats
46 creatures vanquished.

Vanquished Creatures (collateral kills)
  A giant cockroach (D:2)
  A goblin (D:1)
2 creatures vanquished.

Vanquished Creatures (others)
  5 plants
5 creatures vanquished.

Grand Total: 53 creatures vanquished

Notes
Turn   | Place    | Note
-------+----------+-------------------------------------------
     0 | D:1      | porpoise the Djinni Hedge Wizard began the quest for the
                  | Orb.
     0 | D:1      | porpoise set off with the following spells memorised: Magic
                  | Dart, Blink, Call Imp, Slow, Conjure Flame, Mephitic Cloud.
     0 | D:1      | Reached XP level 1. HP: 15/15 MP: 0/0
   397 | D:1      | Reached skill level 1 in Fighting
   397 | D:1      | Reached XP level 2. HP: 17/22 MP: 0/0
   960 | D:1      | Reached XP level 3. HP: 26/28 MP: 0/0
   960 | D:1      | Learned a level 1 spell: Sandblast
   994 | D:1      | Found a faded altar of an unknown god.
  1987 | D:2      | Reached XP level 4. HP: 27/34 MP: 0/0
  2794 | D:3      | Noticed Robin
  3019 | D:3      | Reached skill level 3 in Spellcasting
  3031 | D:2      | HP: 1/34 [Robin/+0 mace (7)]
  3032 | D:2      | Slain by Robin

Illustrated notes

Levels and vault maps discovered:
D:1:      eino_arrival_cavern_a, layout_rooms,
          hellmonk_ecumenical_altar_slurped_away, serial_forest,
          infiniplex_forest_clump_medium, infiniplex_forest_clump_small,
          infiniplex_forest_clump_double, infiniplex_forest_clump_C,
          infiniplex_forest_clump_double, infiniplex_forest_clump_tiny
D:2:      layout_loops_cross, serial_forest, infiniplex_forest_lined_ring,
          infiniplex_forest_end_2, infiniplex_forest_end_1,
          infiniplex_forest_3_way, infiniplex_forest_clump_cross,
          infiniplex_forest_corner_2, infiniplex_forest_clump_curved,
          infiniplex_forest_end_2, minmay_worlds_worst_comb
D:3:      layout_loops_ring, uniq_ijyb, uniq_robin, uniq_grinder

Skill      XL: |  1  2  3  4 |
---------------+-------------+-----
Fighting       | 1 2 |  2.8
Spellcasting   | 3 |  3.0
Short Blades   | |  0.3
Dodging        | |  2.1
Stealth        | |  1.5

Action                   |  1- 3 |  4- 6 || total
-------------------------+-------+-------++-------
Melee: Dagger            |    39 |    59 ||    98
       Punch             |     1 |       ||     1
 Fire: Sling             |       |     2 ||     2
 Cast: Magic Dart        |    56 |     4 ||    60
       Call Imp          |     3 |     1 ||     4
       Sandblast         |       |     5 ||     5
       Mephitic Cloud    |       |     2 ||     2
       Blink             |       |     1 ||     1
  Use: Potion            |       |     1 ||     1
 Stab: Confused          |       |     1 ||     1
Armor: Leather armour    |     8 |    19 ||    27
Dodge: Dodged            |    25 |    28 ||    53

Table legend: (Time is in decaauts)
 A = Elapsed time spent in this place.
 B = Non-inter-level travel time spent in this place.
 C = Inter-level travel time spent in this place.
 D = Time resting spent in this place.
 E = Time spent auto-exploring this place.
 F = Levels seen in this place.
 G = Mean time per level.
                   A        B        C        D        E       F      G
               +--------+--------+--------+--------+--------+-----+--------+
         Total |   3037 |   2961 |     76 |   1282 |   1335 |   3 | 1012.3 |
       Dungeon |   3037 |   2961 |     76 |   1282 |   1335 |   3 | 1012.3 |
               +--------+--------+--------+--------+--------+-----+--------+

Top non-repeatable levels by time:
     D:2: 1659 daAuts
     D:1: 1343 daAuts
     D:3: 35 daAuts
